 Dungeon Crawl Stone Soup version 0.23-a0-4-g8f018a2 (webtiles) character file.

4314 Kuinu the Arsonist (level 10, -2/69 HPs)
             Began as a Purple Draconian Fire Elementalist on Aug 1, 2018.
             Was a Follower of Vehumet.
             Killed from afar by a deep elf mage (18 damage)
             ... with a bolt of negative energy
             ... in a bailey.
             The game lasted 00:20:22 (7253 turns).

Kuinu the Arsonist (DrFE)                           Turns: 7253, Time: 00:20:23

Health: -2/69      AC: 13    Str: 10    XL:     10   Next: 11%
Magic:  2/22       EV: 12    Int: 24    God:    Vehumet [*.....]
Gold:   286        SH:  0    Dex: 12    Spells: 12/25 levels left

rFire    . . .     SeeInvis .   i - +2 mace (protect)
rCold    + + .     Gourm    .   (no shield)
rNeg     . . .     Faith    .   (armour unavailable)
rPois    +         Spirit   .   (helmet restricted)
rElec    +         Reflect  .   (no cloak)
rCorr    +         Harm     .   u - +2 pair of gloves
MR       +....                  (no boots)
Stlth    ++........             (no amulet)
HPRegen  0.21/turn              x - ring of ice
MPRegen  0.18/turn              y - +3 ring of protection

@: brilliant, short of breath, resistant, drained
A: breathe power, unfitting armour, cold-blooded, AC +7
a: Breathe Dispelling Energy, Renounce Religion


You were in a bailey.
You worshipped Vehumet.
Vehumet was aware of your devotion.
You were hungry.

You visited 2 branches of the dungeon, and saw 8 of its levels.
You also visited: Bailey.

You collected 286 gold pieces.

Inventory:

Hand Weapons
 a - a +0 short sword
 d - a +0 dagger
 i - a +2 mace of protection (weapon)
Armour
 u - a +2 pair of gloves (worn)
Jewellery
 x - a ring of ice (left hand)
 y - a +3 ring of protection (right hand)
Wands
 c - a wand of disintegration (6)
 e - a wand of enslavement (6)
 w - a wand of random effects (17)
Scrolls
 f - a scroll of enchant armour
 h - a scroll of blinking
 j - 4 scrolls of remove curse
 k - 2 scrolls of identify
 n - a scroll of enchant weapon
 s - 3 scrolls of teleportation
 t - 2 scrolls of immolation
Potions
 r - a potion of flight
Comestibles
 b - 12 rations
 v - 10 chunks of flesh


   Skills:
 - Level 1.7(1.2) Dodging
 - Level 1.7(1.2) Stealth
 + Level 8.2(7.6) Spellcasting
 * Level 10.1(9.4) Conjurations
 * Level 10.4(9.8) Fire Magic


You had 12 spell levels left.
You knew the following spells:

 Your Spells              Type           Power        Failure   Level  Hunger
a - Flame Tongue          Conj/Fire      #####        1%          1    None
b - Conjure Flame         Conj/Fire      ######..     1%          3    None
c - Sticky Flame          Conj/Fire      ######..     1%          4    ###....
d - Fireball              Conj/Fire      ######....   1%          5    #####..

Your spell library contained the following spells:

 Spells                   Type           Power        Failure   Level  Hunger
 Throw Flame              Conj/Fire      ######       1%          2    None
 Stone Arrow              Conj/Erth      #####.       1%          3    None
 Passwall                 Tmut/Erth      ###.....     1%          2    None
 Lee's Rapid Deconstruct  Erth           ###.......   19%         5    #####..
 Sandblast                Erth           ###...       1%          1    None
 Petrify                  Tmut/Erth      ###.....     8%          4    ###....
 Inner Flame              Hex/Fire       #####...     1%          3    None


Dungeon Overview and Level Annotations

Branches:
Dungeon (7/15)             Temple (1/1) D:4

Altars:
Ashenzari
Cheibriados
Dithmenos
Elyvilon
Fedhas
Gozag
Hepliaklqana
Kikubaaqudgha
Makhleb
Okawaru
Ru
Sif Muna
Trog
Uskayaw
Vehumet
Wu Jian
Xom
Yredelemnul
Zin
The Shining One

Shops:
D:4 :


Innate Abilities, Weirdness & Mutations

You can breathe bolts of dispelling energy.
Your rich purple scales are hard. (AC +7)
You cannot fit into any form of body armour.
You are cold-blooded and may be slowed by cold attacks.


Message History

* * * LOW HITPOINT WARNING * * *
Okay, then.
Press: ? - help, Shift-Dir - straight line, f - deep elf mage
Aim: a deep elf mage, wielding an enchanted short sword You breathe a bolt of dispelling energy.
The bolt of dispelling energy misses the deep elf mage.
You feel somewhat more hungry.
The deep elf mage points at you and mumbles some strange words.
The bolt of cold misses you.
Okay, then.
As you read the scroll of fear, it crumbles to dust.
You assume a fearsome visage.
The deep elf mage looks frightened!
The deep elf mage gestures wildly while chanting.
The deep elf mage blinks!
A deep elf mage comes into view. It is wielding a short sword.
The deep elf mage casts a spell.
The deep elf mage blinks!
The deep elf mage casts a spell at you. The bolt of negative energy hits you!
You feel drained.
You die...

.## ##..
#.... #....
.... ..#
#e#####
#)...##
#.@.).#
#..∩..#
#.....#
##)..###
####§##..##
##...##....#
#.....#....#
#..∩..##..##
##...######


You could see a deep elf mage.

Vanquished Creatures
  A two-headed ogre (D:4)
  4 deep elf magi (Bailey)
  Grinder (D:3)
  Prince Ribbit (D:5)
  An orc warrior (D:6)
  A sky beast (D:5)
  3 ice beasts
  A necrophage (D:6)
  2 ogres (D:6)
  A centaur (D:6)
  2 bullfrogs
  2 howler monkeys
  A bullfrog skeleton (D:4)
  A hound (D:5)
  2 jellies (D:4)
  An orc priest (D:5)
  5 orc wizards
  A bullfrog zombie (D:5)
  Ijyb (D:3)
  4 worker ants
  A hound skeleton (D:6)
  4 gnolls (D:6)
  8 adders
  An ooze (D:1)
  3 worms (D:2)
  4 leopard geckos
  13 orcs
  5 giant cockroaches
  11 goblins
  8 hobgoblins (D:1)
  An iguana (D:4)
  16 jackals
  2 quokkas (D:2)
  A ball python (D:3)
  5 bats
  6 frilled lizards
  A jackal skeleton (D:4)
  2 kobolds
  A leopard gecko skeleton (D:4)
  A quokka zombie (D:7)
  6 rats (D:1)
136 creatures vanquished.

Vanquished Creatures (others)
  A jackal skeleton (D:5)
1 creature vanquished.

Grand Total: 137 creatures vanquished

Notes
Turn   | Place    | Note
-------+----------+-------------------------------------------
     0 | D:1      | Kuinu the Draconian Fire Elementalist began the quest for the Orb.
     0 | D:1      | Reached XP level 1. HP: 14/14 MP: 3/3
    83 | D:1      | Reached XP level 2. HP: 20/20 MP: 0/5
   389 | D:1      | Reached XP level 3. HP: 26/26 MP: 2/6
   577 | D:1      | Learned a level 3 spell: Conjure Flame
  1137 | D:2      | Noticed a bullfrog
  1187 | D:2      | Reached XP level 4. HP: 23/33 MP: 4/10
  1190 | D:2      | Killed a bullfrog
  1190 | D:2      | Reached XP level 5. HP: 23/38 MP: 2/12
  1332 | D:2      | Learned a level 4 spell: Sticky Flame
  2392 | D:3      | Noticed Ijyb
  2400 | D:3      | Killed Ijyb
  2400 | D:3      | Reached skill level 5 in Spellcasting
  2519 | D:3      | Found a bloodstained altar of Trog.
  2773 | D:3      | Reached XP level 6. HP: 42/45 MP: 7/13
  2788 | D:3      | Noticed Grinder
  2869 | D:3      | Killed Grinder
  3469 | D:4      | Your scales start taking on a rich purple colour.
  3469 | D:4      | Reached XP level 7. HP: 50/50 MP: 11/16
  3506 | D:4      | Found an iron altar of Okawaru.
  3587 | D:4      | Found Nuwud's Book Boutique.
  3631 | D:4      | Found a staircase to the Ecumenical Temple.
  3637 | Temple   | Entered the Ecumenical Temple
  3792 | D:4      | Noticed a two-headed ogre
  3799 | D:4      | Killed a two-headed ogre
  3799 | D:4      | Reached XP level 8. HP: 57/57 MP: 7/18
  3921 | D:4      | Found a shimmering altar of Xom.
  4401 | D:4      | Learned a level 5 spell: Fireball
  4577 | D:5      | Entered Level 5 of the Dungeon
  4852 | D:5      | Noticed Prince Ribbit
  4863 | D:5      | Killed Prince Ribbit
  5139 | D:5      | Found a glowing silver altar of Zin.
  5205 | D:5      | Found a radiant altar of Vehumet.
  5205 | D:5      | Found a burning altar of Makhleb.
  5206 | D:5      | Found a snail-covered altar of Cheibriados.
  5212 | D:5      | Became a worshipper of Vehumet
  5957 | D:6      | Reached XP level 9. HP: 62/62 MP: 8/19
  6474 | D:6      | Found a burning altar of Makhleb.
  7071 | D:7      | Found a flagged portal.
  7096 | Bailey   | Entered a bailey
  7102 | Bailey   | Noticed a deep elf mage
  7112 | Bailey   | Killed a deep elf mage
  7112 | Bailey   | Reached skill level 10 in Fire Magic
  7201 | Bailey   | Noticed a deep elf mage
  7204 | Bailey   | Noticed a deep elf mage
  7204 | Bailey   | Noticed a deep elf mage
  7212 | Bailey   | Killed a deep elf mage
  7212 | Bailey   | Reached * piety under Vehumet
  7212 | Bailey   | Offered knowledge of Freeze by Vehumet.
  7212 | Bailey   | Noticed a deep elf mage
  7213 | Bailey   | Noticed a deep elf mage
  7216 | Bailey   | Killed a deep elf mage
  7216 | Bailey   | Reached XP level 10. HP: 35/69 MP: 6/22
  7249 | Bailey   | Killed a deep elf mage
  7249 | Bailey   | Reached skill level 10 in Conjurations
  7252 | Bailey   | Noticed a deep elf mage
  7253 | Bailey   | Killed from afar by a deep elf mage

Vault maps used:
D:1:      nicolae_arrival_washed_ashore, hangedman_decor_clover_reticule
D:2:      grunt_ministairs_4, lemuel_old_faithful
D:3:      mumra_celtic_spiral_tile, nicolae_overflow_crystal_walls,
          first_ration, uniq_grinder, uniq_ijyb
D:4:      okawaru_gym_becter, minmay_temple_entry_fiery, serial_shops,
          nicolae_shop_crystal, dk_xom_monty_hall
D:5:      zin_scriptorium, gammafunk_temple_overflow_claw,
          lemuel_flamethrower_2, uniq_prince_ribbit1
D:6:      st_stairs_14, minmay_misc_feat_x, makhleb_blood_cavern_becter
D:7:      enter_bailey_3, grunt_ogre_cave, minivault_22
Temple:   eino_temple_lava
Bailey:   bailey_polearm_3, bailey

Skill      XL: |  1  2  3  4  5  6  7  8  9 10 |
---------------+-------------------------------+-----
Conjurations   | 2 6 7 8 9 10 | 10.1
Spellcasting   | 4 5 6 7 8 |  8.2
Fire Magic     | 7 8 9 10 | 10.4
Dodging        | |  1.7
Stealth        | |  1.7

Action                   |  1- 3 |  4- 6 |  7- 9 | 10-12 || total
-------------------------+-------+-------+-------+-------++-------
Melee: Short sword       |    36 |       |       |       ||    36
       Tailslap          |     6 |     3 |     3 |     2 ||    14
       Dagger            |       |     5 |       |       ||     5
       Mace              |       |     3 |    45 |    28 ||    76
 Cast: Flame Tongue      |    40 |    53 |   116 |     2 ||   211
       Conjure Flame     |     1 |       |     4 |       ||     5
       Sticky Flame      |       |     7 |    35 |     2 ||    44
       Fireball          |       |       |     3 |       ||     3
 Abil: Breathe Dispellin |       |       |     2 |     1 ||     3
  Use: Scroll            |     3 |       |    11 |     1 ||    15
       Potion            |     2 |     1 |     5 |       ||     8
  Eat: Chunk             |     1 |     6 |    16 |       ||    23
       Ration            |       |     1 |       |       ||     1
Armor: Skin              |    17 |     4 |    31 |     9 ||    61
Dodge: Dodged            |    44 |    12 |    48 |    12 ||   116

Table legend:
 A = Spawn XP
 B = Non-spawn XP
 C = Spawn XP percentage of total XP
 D = Spawn monster count
 E = Non-spawn monster count
 F = Spawn count percentage of total count
 G = Total turns spent on level
                    A         B        C        D         E        F      G
               +---------+---------+-------+---------+---------+-------+---------
         Total |       0 |    6092 |   0.0 |       0 |     136 |   0.0 |  7253
               +---------+---------+-------+---------+---------+-------+---------
           D:1 |       0 |      49 |   0.0 |       0 |      26 |   0.0 |   695
           D:2 |       0 |     186 |   0.0 |       0 |      24 |   0.0 |  1694
           D:3 |       0 |     376 |   0.0 |       0 |      10 |   0.0 |  1078
           D:4 |       0 |    1200 |   0.0 |       0 |      23 |   0.0 |  1051
           D:5 |       0 |     883 |   0.0 |       0 |      16 |   0.0 |  1325
           D:6 |       0 |    1138 |   0.0 |       0 |      27 |   0.0 |  1138
           D:7 |       0 |      63 |   0.0 |       0 |       6 |   0.0 |    56
        Bailey |       0 |    2197 |   0.0 |       0 |       4 |   0.0 |   157
               +---------+---------+-------+---------+---------+-------+---------
